[Event "Late-Titled-Tuesday-Blitz-November-28-2023"]
[Site "Chess.com"]
[Date "2023.11.28"]
[Round "2"]
[White "slorovel"]
[Black "GMthekingindian"]
[Result "1-0"]
[WhiteElo "2503"]
[BlackElo "2321"]
[TimeControl "180+1"]
[EndTime "14:16:45 PST"]
[Termination "slorovel won by resignation"]

1. e4 c5 2. Nf3 d6 3. d4 cxd4 4. Nxd4 Nf6 5. f3 Qb6 6. c4 Nc6 7. Nb3 a5 8. Nc3 a4 9. Nd2 Ne5 10. Be2 Be6 11. Nxa4 Qb4 12. Nc3 Nxc4 13. Nxc4 Bxc4 14.
O-O g6 15. Be3 Bxe2 16. Qxe2 Bg7 17. a3 Qb3 18. Bd4 O-O 19. Qb5 Qxb5 20. Nxb5 Rfc8 21.
Rfc1 Kf8 22. b4 Rc6 23. Bb2 Ne8 24. Bxg7+ Kxg7 25. Rxc6 bxc6 26. Nd4 c5 27. bxc5 dxc5 28. Nb5 Nd6 29. Nxd6 exd6 30. a4 Ra5 31. Kf2 Kf6 32.
Ke2 Ke6 33. Kd3 d5 34. exd5+ Kxd5 35. Kc3 f5 36. Rd1+ Kc6 37. Kb3 Ra8 38. Re1 Kd6 39. Rd1+ Kc6 40. Ra1 Kd5 41. Kc3 c4 42. a5 Kc5 43. a6 Ra7 44. Ra4 Kb5 45. Ra2 Kc5 46. h4 h6 47. g3 Kb5 48. Ra3 g5 49. h5 g4 50. f4 Kc5 51. Ra5+ Kb6 52. Rxf5 Kxa6 53.
Kxc4 Rc7+ 54. Kd4 Rd7+ 55. Ke4 Rd2 56. Rf6+ Kb5 57. Rxh6 Rg2 58. Rg6 Rh2 59. h6 Rh3 60. Kf5 Rxg3 61. h7 Rh3 62. Rg7 g3 63. Rxg3 Rxh7 64.
Kg6 Rh1 65. f5 Kc6 66. f6 Rd1 67. f7 Rd6+ 68. Kg7 Rd7 69. Kg8 1-0

[Event "Late-Titled-Tuesday-Blitz-November-28-2023"]
[Site "Chess.com"]
[Date "2023.11.28"]
[Round "2"]
[White "gahryman"]
[Black "Dzidzik2203"]
[Result "1-0"]
[WhiteElo "2684"]
[BlackElo "2383"]
[TimeControl "180+1"]
[EndTime "14:16:46 PST"]
[Termination "gahryman won by resignation"]

1. e4 c5 2. Nc3 a6 3. g3 b5 4. Bg2 Bb7 5. d3 e6 6. Nh3 d5 7. O-O d4 8. Ne2 Be7 9. f4 Nf6 10. Nf2 O-O 11. g4 Nfd7 12. g5 e5 13. h4 exf4 14.
Nxf4 Ne5 15. Ng4 Nbd7 16. Bd2 Bd6 17. Nh5 Nxg4 18. Qxg4 Ne5 19. Qe2 Bc8 20. Rf5 Kh8 21.
Raf1 Qe7 22. Nf4 Be6 23. Nd5 Bxd5 24. exd5 Rae8 25. Be4 f6 26. gxf6 gxf6 27. Rh5 Rg8+ 28. Kh1 Rg7 29. Bh6 Rg4 30. Bf4 Reg8 31. Bxe5 fxe5 32.
Qh2 R8g7 33. Qh3 Qd8 34. Bxh7 e4 35. Bf5+ Kg8 36. Be6+ 1-0

[Event "Late-Titled-Tuesday-Blitz-November-28-2023"]
[Site "Chess.com"]
[Date "2023.11.28"]
[Round "2"]
[White "vladoboch"]
[Black "GoValya"]
[Result "0-1"]
[WhiteElo "2425"]
[BlackElo "2211"]
[TimeControl "180+1"]
[EndTime "14:16:46 PST"]
[Termination "GoValya won by resignation"]

1. e4 e6 2. d4 d5 3. e5 c5 4. c3 Nc6 5. Nf3 Nge7 6. Bd3 cxd4 7. O-O dxc3 8. Nxc3 a6 9. h4 d4 10. Ne4 Nf5 11.
Bg5 Be7 12. g4 Nxh4 13. Nd6+ Kf8 14. Bxe7+ Qxe7 15. Rc1 Nxf3+ 16. Qxf3 Nxe5 17. Qg3 Qxd6 18. Rfe1 f6 19. f4 Nc6 20. g5 f5 21. Re2 Bd7 22. Rh2 g6 23. Re1 Re8 24. Rhe2 Kf7 25. Bc4 b5 26.
Bb3 Na5 27. Bc2 Bc6 28. b3 Qd5 29. Qh3 Nb7 30. b4 Nd6 31. Bb3 Nc4 32. Re5 Qf3 33.
Qxf3 Bxf3 34. Rc5 Rc8 35. Bxc4 bxc4 36. Rc1 Rxc5 37. bxc5 c3 38. Rb1 c2 39. Rc1 d3 40.
Kf2 d2 0-1

[Event "Late-Titled-Tuesday-Blitz-November-28-2023"]
[Site "Chess.com"]
[Date "2023.11.28"]
[Round "2"]
[White "2Killer2"]
[Black "KNVB"]
[Result "1-0"]
[WhiteElo "2480"]
[BlackElo "2686"]
[TimeControl "180+1"]
[EndTime "14:16:50 PST"]
[Termination "2Killer2 won on time"]

1. d4 e5 2. dxe5 Nc6 3. Nf3 Qe7 4. Bf4 Qb4+ 5. Bd2 Qxb2 6. Nc3 Bb4 7. Rb1 Qxc3 8.
Bxc3 Bxc3+ 9. Nd2 Nxe5 10. Rb3 Ba5 11. e3 Nf6 12. Rb5 Nc6 13. Bd3 O-O 14. O-O a6 15. Rb1 d5 16. e4 dxe4 17. Nxe4 Nxe4 18. Bxe4 Bb6 19. Rb3 Be6 20. Bd5 Rad8 21. c4 Nd4 22.
Rxb6 Bxd5 23. cxd5 Rxd5 24. Rxb7 Rfd8 25. Rxc7 Ne6 26.
Qc2 Rd2 27. Qc6 Nxc7 28. Qxc7 g6 29. h4 h5 30. a4 R8d6 31. a5 Rf6 32. g3 Kg7 33.
Kg2 Rd5 34. Rc1 Kh7 35. Rc3 Rd2 36. Rf3 Rxf3 37. Kxf3 Kg7 38. Qc3+ Rd4 39. Qxd4+ 1-0

[Event "Late-Titled-Tuesday-Blitz-November-28-2023"]
[Site "Chess.com"]
[Date "2023.11.28"]
[Round "2"]
[White "sakkikuska"]
[Black "MikeSailer"]
[Result "1-0"]
[WhiteElo "2401"]
[BlackElo "2064"]
[TimeControl "180+1"]
[EndTime "14:16:50 PST"]
[Termination "sakkikuska won on time"]

1. e4 d5 2. exd5 Qxd5 3. Nc3 Qd6 4. d4 c6 5. Nf3 Bg4 6. Be2 Nf6 7. h3 Bxf3 8. Bxf3 e6 9. O-O Nbd7 10. Be3 Qc7 11. Qe2 Bd6 12. Ne4 Nxe4 13. Bxe4 O-O 14. Rad1 a5 15. c4 a4 16. Bb1 Bf4 17. Qd3 g6 18. d5 exd5 19. cxd5 Bxe3 20. Qxe3 Rfe8 21. Qc3 c5 22.
Rfe1 b5 23. d6 Qc6 24. Re7 b4 25. Qd2 Rad8 26. Qf4 Rf8 27. Be4 Qb5 28. Bd5 c4 29.
Bxc4 Qf5 30. Qxf5 gxf5 31. Bb5 Nb6 32. d7 Kg7 33. Re8 Kf6 34. Rxf8 Rxf8 35. d8=Q+ Rxd8 36.
Rxd8 1-0

[Event "Late-Titled-Tuesday-Blitz-November-28-2023"]
[Site "Chess.com"]
[Date "2023.11.28"]
[Round "2"]
[White "jefferyx"]
[Black "Actuary44"]
[Result "1-0"]
[WhiteElo "2977"]
[BlackElo "2458"]
[TimeControl "180+1"]
[EndTime "14:16:51 PST"]
[Termination "jefferyx won by resignation"]

1. d4 Nf6 2. c4 g6 3. Nc3 Bg7 4. e4 d6 5. Be2 O-O 6. Be3 e5 7. d5 Ne8 8. g4 c5 9. h4 Na6 10. h5 Nac7 11. a3 a6 12. b4 b6 13.
Rb1 a5 14. Na4 axb4 15. axb4 Na6 16. bxc5 bxc5 17. Nb6 Rb8 18. Nxc8 Qxc8 19. Rxb8 Qxb8 20. g5 Nec7 21. Nf3 Qb2 22. Kf1 Rb8 23. Kg2 Qa2 24.
Nh2 Rb2 25. Bf1 Nb4 26. Ng4 Nc2 27. Bc1 Rb1 28. Bd3 Nd4 29. Bxb1 Qxb1 30. h6 Bh8 31. Re1 Na6 32. Qa4 Nc7 33. Qa7 Ne8 34. Qe7 Qb8 35. Be3 Nc2 36. Rb1 Qc8 37. Kg3 Nb4 38. Ra1 Na6 39. Rxa6 1-0

[Event "Late-Titled-Tuesday-Blitz-November-28-2023"]
[Site "Chess.com"]
[Date "2023.11.28"]
[Round "2"]
[White "kai_nov"]
[Black "Jesseinkman"]
[Result "1-0"]
[WhiteElo "2255"]
[BlackElo "2458"]
[TimeControl "180+1"]
[EndTime "14:16:52 PST"]
[Termination "kai_nov won by resignation"]

1. d4 d5 2. c4 c6 3. Nf3 Nf6 4. e3 Bf5 5. Nc3 e6 6. Nh4 Bg6 7. Be2 Nbd7 8. Qb3 Rb8 9. Nxg6 hxg6 10. Bd2 Bd6 11. f4 dxc4 12. Qxc4 Nb6 13. Qb3 Nbd5 14. O-O Nxc3 15. bxc3 Ne4 16. Be1 Qe7 17. Bd3 Nf6 18.
e4 Bc7 19. h3 Nh5 20. e5 g5 21. f5 Nf4 22. Qc2 Bb6 23. Bg3 Nd5 24. Qd2 Rd8 25.
Kh2 g4 26. f6 gxf6 27. exf6 Qf8 28. c4 gxh3 29. gxh3 Bxd4 30. cxd5 Bxa1 31. dxe6 fxe6 32. Bg6+ Qf7 33. Bxf7+ Kxf7 34. Qg5 Rhg8 35. Qh5+ Kf8 36. Rxa1 Rd2+ 37. Kh1 Rxg3 38. Qh6+ 1-0

[Event "Late-Titled-Tuesday-Blitz-November-28-2023"]
[Site "Chess.com"]
[Date "2023.11.28"]
[Round "2"]
[White "PoXerStar"]
[Black "morte-negra"]
[Result "1-0"]
[WhiteElo "2391"]
[BlackElo "2021"]
[TimeControl "180+1"]
[EndTime "14:16:52 PST"]
[Termination "PoXerStar won on time"]

1. e4 c5 2. Nf3 d6 3. d4 cxd4 4. Nxd4 Nf6 5. Nc3 a6 6. Bc4 e6 7.
Bb3 b5 8. O-O Qc7 9. Be3 Nc6 10.
Qf3 Nxd4 11. Bxd4 Be7 12. Qg3 O-O 13. e5 dxe5 14. Bxe5 Qc6 15. Rfe1 Bb7 16. Ne4 Kh8 17. f3 h6 18. Bxf6 gxf6 19. Qh4 Kg7 20. Ng3 Qc5+ 21. Kh1 Qg5 22. Qxg5+ hxg5 23. Nf5+ exf5 24. Rxe7 Bc6 25. Rd1 Be8 26. Kg1 Rh8 27. h3 Kf8 28. Rc7 Rh4 29. Rd6 Kg7 30. Rb6 Rh6 31. Rbb7 Kf8 32. Bxf7 Bxf7 33.
Rxf7+ Kg8 34. Rg7+ Kh8 35. Rge7 Kg8 36. Ra7 1-0

[Event "Late-Titled-Tuesday-Blitz-November-28-2023"]
[Site "Chess.com"]
[Date "2023.11.28"]
[Round "2"]
[White "SnekkerAndersen"]
[Black "mbojan"]
[Result "1-0"]
[WhiteElo "2566"]
[BlackElo "2863"]
[TimeControl "180+1"]
[EndTime "14:16:53 PST"]
[Termination "SnekkerAndersen won by checkmate"]

1. d4 a6 2. c4 b5 3. cxb5 axb5 4. e4 Bb7 5. Nd2 b4 6. Ngf3 e6 7. Bd3 c5 8. O-O cxd4 9. Nxd4 Nc6 10. Nxc6 Bxc6 11. Nc4 Nf6 12. Bg5 Be7 13. e5 Nd5 14. Nd6+ Kf8 15. Bxe7+ Nxe7 16. Qh5 Ng6 17. Bxg6 fxg6 18.
Qg4 Kg8 19. Qxb4 Qg5 20. f3 Qxe5 21. Rfe1 Qf6 22. Nc4 Qd4+ 23. Kh1 Bd5 24. b3 h6 25.
Rad1 Qa7 26. Ne3 Bc6 27. Ng4 Kh7 28. Ne5 Rhf8 29. Qg4 g5 30. Nxc6 dxc6 31. Rxe6 Qxa2 32. Qe4+ Kh8 33. Qe5 Qxb3 34. Rxh6+ Kg8 35. Rhd6 Rae8 36. Qxg5 Rf6 37. R6d2 Rfe6 38. h3 Re1+ 39. Rxe1 Rxe1+ 40. Kh2 Qb8+ 41. f4 Re4 42. Rd8+ Qxd8 43. Qxd8+ Kh7 44.
Kg3 Re6 45. f5 Re4 46. Qd6 Rc4 47. Qg6+ Kh8 48. f6 Rc3+ 49. Kh2 Rc5 50. Qxg7# 1-0

[Event "Late-Titled-Tuesday-Blitz-November-28-2023"]
[Site "Chess.com"]
[Date "2023.11.28"]
[Round "2"]
[White "Mikhail_Golubev"]
[Black "Felix-Rose"]
[Result "1-0"]
[WhiteElo "2595"]
[BlackElo "2338"]
[TimeControl "180+1"]
[EndTime "14:16:53 PST"]
[Termination "Mikhail_Golubev won on time"]

1. e4 c5 2. Ne2 g6 3. d4 cxd4 4. Nxd4 Nc6 5. Nc3 Bg7 6. Be3 Nf6 7. Bc4 O-O 8. Bb3 a5 9. O-O Nxd4 10.
Bxd4 d6 11. Re1 Bd7 12. a4 Bc6 13. Qd2 Nd7 14. Rad1 Bxd4 15. Qxd4 Qb6 16. Qd2 Nc5 17. Qh6 Nxb3 18. cxb3 Qxb3 19. Rd2 f6 20. Nd5 Bxd5 21. exd5 Rf7 22. Qf4 Rc8 23. h4 Rc4 24. Re4 g5 25. Qf5 Qxa4 26. Rde2 Rxe4 27. Rxe4 Qd1+ 28. Kh2 Qh5 29.
Qc8+ Kg7 30. Qxb7 gxh4 31. Qb3 f5 32. Rf4 1-0

[Event "Late-Titled-Tuesday-Blitz-November-28-2023"]
[Site "Chess.com"]
[Date "2023.11.28"]
[Round "2"]
[White "subham777"]
[Black "MeisterJabo"]
[Result "1-0"]
[WhiteElo "2658"]
[BlackElo "2264"]
[TimeControl "180+1"]
[EndTime "14:16:54 PST"]
[Termination "subham777 won on time"]

1. e4 e5 2. Nf3 Nc6 3. Bc4 Nf6 4. d3 d5 5. exd5 Nxd5 6. O-O Nb6 7. Bb3 Be7 8. Re1 Bg4 9. h3 Bh5 10. g4 Bg6 11. Nxe5 Nxe5 12. Rxe5 O-O 13. Qf3 c6 14. Nc3 Kh8 15. Bf4 f5 16. Bg3 f4 17. Bh2 Bf6 18.
Ree1 Bxc3 19. bxc3 Qf6 20. d4 Rae8 21. Rxe8 Bxe8 22.
Re1 Bd7 23. Re4 g5 24. Re5 h6 25. Qe4 Nd5 26. Bxd5 cxd5 27. Qxd5 Qc6 28. Qxc6 Bxc6 29. c4 Kg7 30. d5 Ba4 31. c3 Bd1 32. Kg2 Rf7 33.
f3 Rc7 34. Re4 Bc2 35. Rd4 Kf6 36. Bg1 b6 37. Rd2 Bb1 38. Bd4+ Kf7 39. d6 Rxc4 40.
d7 1-0

[Event "Late-Titled-Tuesday-Blitz-November-28-2023"]
[Site "Chess.com"]
[Date "2023.11.28"]
[Round "2"]
[White "noblerone"]
[Black "FMOlexandrProhorov"]
[Result "1-0"]
[WhiteElo "2505"]
[BlackElo "2320"]
[TimeControl "180+1"]
[EndTime "14:16:54 PST"]
[Termination "noblerone won by resignation"]

1. d4 f5 2. Nf3 g6 3. Bf4 Bg7 4.
e3 Nf6 5. h3 O-O 6. Be2 c5 7.
c3 cxd4 8. exd4 b6 9. a4 a6 10. Qb3+ e6 11. Bd6 Re8 12. Nbd2 Bb7 13. O-O Nc6 14. Ne5 Ne7 15. Bf3 Bxf3 16. Ndxf3 Nc8 17. Ba3 Qc7 18. Rae1 Nd6 19. Bxd6 Qxd6 20. Nc4 Qf4 21.
Qxb6 Ne4 22. Nce5 Bxe5 23. dxe5 Rab8 24. Qc7 Rxb2 25. Qxd7 Rf8 26. Qxe6+ Kh8 27. Qe7 Rbb8 28. Rd1 Rbe8 29. Qc7 Ng5 30. Nxg5 Qxg5 31. Rd7 Qh6 32.
f4 Rc8 33. Qa5 g5 34. e6 gxf4 35. Qe5+ Qf6 36. Qxf6+ Rxf6 37. e7 Rfc6 38. Rd8+ Kg7 39.
e8=Q 1-0

[Event "Late-Titled-Tuesday-Blitz-November-28-2023"]
[Site "Chess.com"]
[Date "2023.11.28"]
[Round "2"]
[White "Hilary46"]
[Black "e4evr"]
[Result "0-1"]
[WhiteElo "2623"]
[BlackElo "2127"]
[TimeControl "180+1"]
[EndTime "14:16:57 PST"]
[Termination "e4evr won on time"]

1. e4 c5 2. Nf3 Nc6 3. d4 cxd4 4. Nxd4 Nf6 5. Nc3 d6 6. Bg5 Bd7 7. Qd2 Rc8 8. O-O-O a6 9. f4 h6 10. Bxf6 gxf6 11.
Kb1 b5 12. Nxc6 Bxc6 13. f5 h5 14. Nd5 Bh6 15. Qd4 Bxd5 16. exd5 Qc7 17. Bd3 Qc5 18. Qe4 Qe3 19. Rhe1 Qxe4 20. Rxe4 Rg8 21. Rde1 Rc7 22. g3 Bg5 23. a4 Rc5 24. Rxe7+ Kf8 25. axb5 axb5 26.
Rb7 Rxd5 27. Ree7 Rg7 28. Rec7 Kg8 29. Rxb5 Rxb5 30. Bxb5 Kh7 31. Be2 h4 32. g4 Bf4 33.
h3 Be5 34. b4 Kh6 35. b5 Rg8 36. b6 Ra8 37. c3 d5 38. Rc6 Ra3 39. Kc2 Ra2+ 40. Kd3 Rb2 41. Bf3 Kg5 42. Bxd5 Kf4 43. c4 Kg3 44. c5 Kxh3 45. Rc8 Kg3 46. b7 h3 47. c6 h2 48. Rh8 Kxg4 49. Bxf7 Kxf5 50.
Bd5 Kg6 51. Kc4 f5 52. Bf3 Bxh8 53. c7 Rc2+ 54. Kd3 Rf2 55. c8=Q Rxf3+ 56. Ke2 h1=Q 57. Qe8+ Kg5 58. Qe7+ Bf6 0-1

[Event "Late-Titled-Tuesday-Blitz-November-28-2023"]
[Site "Chess.com"]
[Date "2023.11.28"]
[Round "2"]
[White "mind1mover"]
[Black "DvaHrasta"]
[Result "1-0"]
[WhiteElo "2755"]
[BlackElo "2520"]
[TimeControl "180+1"]
[EndTime "14:16:58 PST"]
[Termination "mind1mover won on time"]

1. e4 c6 2. d3 d5 3. Nd2 g6 4.
Ngf3 Bg4 5. h3 Bxf3 6. Qxf3 Bg7 7. g3 Nf6 8. Bg2 O-O 9. O-O a5 10. Qe2 e5 11. exd5 cxd5 12. Qxe5 Nc6 13. Qe2 Re8 14.
Qd1 a4 15. a3 Nd4 16. c3 Ne2+ 17. Kh2 Nxc1 18. Rxc1 Qb6 19. Rc2 h5 20. Nf3 Re7 21. Re1 Rae8 22. Rxe7 Rxe7 23. Re2 Rxe2 24. Qxe2 Qe6 25.
Qxe6 fxe6 26. Ng5 Bh6 27. h4 Bxg5 28. hxg5 Ng4+ 29. Kg1 Ne5 30. Bf1 d4 31. f4 Nd7 32.
cxd4 b6 33. Bg2 Nb8 34. Kf2 Kf7 35. Ke3 Ke7 36. Be4 Kf7 37. Kd2 b5 38. Kc3 Na6 39. Bc6 Nc7 40. Kb4 Ke7 41. Be4 Kf7 42. Kc5 1-0

[Event "Late-Titled-Tuesday-Blitz-November-28-2023"]
[Site "Chess.com"]
[Date "2023.11.28"]
[Round "2"]
[White "Real_taiatai"]
[Black "NoHeThTo"]
[Result "0-1"]
[WhiteElo "2380"]
[BlackElo "2697"]
[TimeControl "180+1"]
[EndTime "14:16:59 PST"]
[Termination "NoHeThTo won by resignation"]

1. Nf3 Nf6 2. g3 g6 3. Bg2 Bg7 4. d4 O-O 5. c4 d6 6. O-O Nc6 7. Nc3 e5 8. e4 Bg4 9. d5 Nd4 10. Be3 Re8 11. Re1 Qd7 12. Bxd4 exd4 13. Nb5 Nxe4 14.
Nbxd4 a5 15. Qc2 Nc5 16. Rad1 Rxe1+ 17. Rxe1 Re8 18. Qc3 Bxf3 19. Rxe8+ Qxe8 20. Bxf3 Bxd4 21. Qxd4 Qe1+ 22. Kg2 Qb1 23. h4 Qd3 24. Qf6 Qxc4 25. h5 Kf8 26. h6 Ke8 27. Qh8+ Ke7 28. Qxh7 Qc2 29. Qh8 Nd3 30. Qd4 Ne1+ 31. Kf1 Nxf3 32. Qe3+ Ne5 33. h7 Qd1+ 34. Kg2 Qh5 35. f4 Qxh7 36.
fxe5 dxe5 37. Qxe5+ Kd7 38. Qf6 Qg8 39. g4 Qe8 40. Qc3 Qe4+ 41. Kg3 Qxd5 42. Qf6 Qd6+ 43. Qxd6+ Kxd6 44. Kf4 Ke6 45. Kg5 Ke5 46. Kh6 Kf4 47. g5 Kf5 48. Kg7 Kxg5 49. Kxf7 Kf5 0-1

[Event "Late-Titled-Tuesday-Blitz-November-28-2023"]
[Site "Chess.com"]
[Date "2023.11.28"]
[Round "2"]
[White "Mykola-Bortnyk"]
[Black "wannabe2700"]
[Result "0-1"]
[WhiteElo "3002"]
[BlackElo "2627"]
[TimeControl "180+1"]
[EndTime "14:17:00 PST"]
[Termination "wannabe2700 won on time"]

1. e4 d5 2. exd5 Qxd5 3. Nc3 Qa5 4. b4 Qxb4 5. Rb1 Qd6 6. d4 Nf6 7. Nf3 e6 8. Ne5 Qd8 9. Bc4 Nbd7 10. Qf3 Be7 11. O-O O-O 12. Rd1 c6 13. Bd3 Nd5 14.
Qh3 g6 15. Ne4 f5 16. Nxd7 Bxd7 17. Nc5 Bxc5 18. dxc5 Nc3 19. Bh6 Rf7 20. Bc4 Nxb1 21. Rxb1 Qe7 22. Qe3 Qh4 23. Qf4 Qxf4 24. Bxf4 b5 25.
Bb3 a5 26. a3 a4 27. Ba2 Kg7 28. Be5+ Kh6 29. h4 g5 30. hxg5+ Kxg5 31. Rd1 f4 32. g3 fxg3 33. fxg3 Raf8 34. Bf4+ Kg4 35. c4 Bc8 36. cxb5 cxb5 37. c6 Rf5 38. Rc1 e5 39. Bh6 R8f6 40.
Be3 Rf3 41. Re1 Rxg3+ 42. Kh2 Rf5 0-1

[Event "Late-Titled-Tuesday-Blitz-November-28-2023"]
[Site "Chess.com"]
[Date "2023.11.28"]
[Round "2"]
[White "Mikhal867"]
[Black "Mariia89"]
[Result "1-0"]
[WhiteElo "2431"]
[BlackElo "2152"]
[TimeControl "180+1"]
[EndTime "14:17:04 PST"]
[Termination "Mikhal867 won on time"]

1. c4 c5 2. Nf3 Nc6 3. d4 cxd4 4. Nxd4 g6 5. Nc3 Bg7 6. Nc2 Nf6 7. e4 d6 8. Be2 O-O 9. O-O Bd7 10. Be3 Rc8 11. Rc1 Ne5 12. b3 Bc6 13. f4 Ned7 14. Bf3 b6 15.
Nd4 Ba8 16. Nd5 Nc5 17. Nb5 Nfxe4 18. Nxa7 Bxd5 19. Nxc8 Bb7 20. Na7 Qa8 21. Nb5 Qxa2 22. b4 Na4 23. Bd4 Nb2 24. Qc2 Qxc4 25. Qxc4 Nxc4 26. Rxc4 Nd2 27. Bxb7 Nxc4 28. Bxg7 Kxg7 29. Rc1 Ne3 30. Kf2 Nf5 31. g4 Nh4 32. Kg3 g5 33. f5 Rb8 34. Bd5 e6 35. Be4 exf5 36.
gxf5 Re8 37. Rc4 Re5 38. Nxd6 Kf6 39. Rc6 Ke7 40. Bb1 Rd5 41. Nc8+ Kf8 42. Nxb6 Rb5 43. Rc8+ Kg7 44. Nd7 Rxb4 45. f6+ 1-0

[Event "Late-Titled-Tuesday-Blitz-November-28-2023"]
[Site "Chess.com"]
[Date "2023.11.28"]
[Round "2"]
[White "Good_Knight_Kiss"]
[Black "koncheto"]
[Result "0-1"]
[WhiteElo "2323"]
[BlackElo "2515"]
[TimeControl "180+1"]
[EndTime "14:17:05 PST"]
[Termination "koncheto won on time"]

1. e4 e5 2. Nf3 Nf6 3. Nxe5 Nc6 4. Nxc6 dxc6 5. Nc3 Bc5 6. h3 h5 7. d3 Qd6 8. Qe2 Bd4 9. Bd2 h4 10. O-O-O Rh5 11.
f4 Bxc3 12. Bxc3 Qxf4+ 13. Kb1 Rc5 14. d4 Rxc3 15. bxc3 Nxe4 16. Re1 f5 17. Qe3 Qxe3 18.
Rxe3 Kf7 19. Bd3 Nxc3+ 20. Kb2 Nd5 21. Re5 g6 22. Rhe1 Bd7 23. Bc4 Re8 24. Rxe8 Bxe8 25. Re5 Bd7 26. Bxd5+ cxd5 27. Rxd5 Bc6 28. Rc5 Bxg2 29.
Rxc7+ Kf6 30. Rc3 f4 31. Rd3 f3 32. Rd2 Bxh3 33. d5 Ke7 34. d6+ Kd7 35. Kc3 Bg2 36. Kd4 h3 37. Ke3 h2 38. Rd1 h1=Q 39. Rxh1 Bxh1 40.
Kf2 Kxd6 0-1

[Event "Late-Titled-Tuesday-Blitz-November-28-2023"]
[Site "Chess.com"]
[Date "2023.11.28"]
[Round "2"]
[White "Hoshka"]
[Black "gabduschew"]
[Result "0-1"]
[WhiteElo "2132"]
[BlackElo "2426"]
[TimeControl "180+1"]
[EndTime "14:17:05 PST"]
[Termination "gabduschew won by checkmate"]

1. d4 g6 2. g3 Bg7 3. Bg2 c6 4.
c4 d6 5. Nf3 Bg4 6. O-O Nd7 7.
Nc3 Bxf3 8. Bxf3 h5 9. h4 Qb6 10. d5 Ne5 11. Bg2 Nxc4 12. dxc6 bxc6 13. Qa4 Ne5 14. Nd5 Qb7 15. f4 Nd7 16. Nb4 Rc8 17. Bxc6 Qc7 18. Be3 a5 19. Rac1 Rd8 20. Nd5 Qb8 21. Bb6 Nf6 22. Bxd8 Kxd8 23. Qxa5+ Ke8 24. e4 Nxe4 25. Rfe1 Bd4+ 26. Kg2 Nc5 27. Rxe7+ Kf8 28. Bxd7 Qxb2+ 29. Kh3 Qxc1 30. Qd8+ Kg7 31. Rxf7+ Kxf7 32. Qe7+ Kg8 33. Qe8+ Kg7 34. Qe7+ Kh6 35. Nf6 Qh1# 0-1

[Event "Late-Titled-Tuesday-Blitz-November-28-2023"]
[Site "Chess.com"]
[Date "2023.11.28"]
[Round "2"]
[White "Koksal06"]
[Black "VincentKeymer"]
[Result "1-0"]
[WhiteElo "2628"]
[BlackElo "2995"]
[TimeControl "180+1"]
[EndTime "14:17:07 PST"]
[Termination "Koksal06 won on time"]

1. d4 Nf6 2. c4 e6 3. Nf3 a6 4.
Nc3 Bb4 5. Bd2 O-O 6. g3 Bxc3 7. Bxc3 b5 8. cxb5 axb5 9. Bg2 Bb7 10. O-O d6 11. b3 Be4 12. a4 Nc6 13. axb5 Na7 14. b6 cxb6 15. Qd2 h6 16. Bb2 Nc6 17. Rfc1 Qd7 18. Ne1 Bxg2 19. Nxg2 Na5 20. Qd3 Qb7 21. Ne3 Qe4 22. Qxe4 Nxe4 23. Ra3 Rfc8 24. Rca1 Rab8 25. d5 e5 26. Nf5 Rc2 27. Bc1 g6 28. Nxh6+ Kg7 29.
Ng4 Rxe2 30. Bh6+ Kh7 31. Be3 f5 32. b4 Nb7 33. f3 Nd2 34. Bxd2 Rxd2 35. Ne3 Kh6 36. Ra7 b5 37. Rc1 Re2 38. Nf1 e4 39. fxe4 Rxe4 40. Rc7 Nd8 41. h4 Kh5 42. Kg2 f4 43.
Kf3 1-0

[Event "Late-Titled-Tuesday-Blitz-November-28-2023"]
[Site "Chess.com"]
[Date "2023.11.28"]
[Round "2"]
[White "aa175"]
[Black "BogdanDeac"]
[Result "0-1"]
[WhiteElo "2597"]
[BlackElo "3007"]
[TimeControl "180+1"]
[EndTime "14:17:07 PST"]
[Termination "BogdanDeac won on time"]

1. d4 Nf6 2. Nf3 g6 3. c4 Bg7 4. Nc3 O-O 5. e4 d6 6. Be3 Nbd7 7. Nd2 c6 8. Be2 a6 9. a4 e5 10. d5 a5 11. g4 Ne8 12. h4 f5 13. exf5 gxf5 14.
gxf5 Nc5 15. Rg1 Bxf5 16. Bxc5 dxc5 17. Nde4 Qxh4 18. Nxc5 Bg6 19. Rg3 Qh2 20. Bf3 e4 21. N3xe4 Nf6 22. Ne6 Nxe4 23. Rg2 Qe5 24. Qe2 cxd5 25.
cxd5 Nd6 26. Nxf8 Rxf8 27. Qxe5 Bxe5 28. Ke2 Bxb2 29. Rb1 Bg7 30. Rb6 Re8+ 31. Kf1 Nc4 32. Rgxg6 hxg6 33. Rxb7 Nd2+ 34. Kg2 Nxf3 35. Kxf3 Re5 36. Rb5 Rf5+ 37. Ke3 Bc3 38. f3 Kf7 39. f4 Bb4 40. Rb7+ Ke8 41. Rb6 Bc5+ 0-1

[Event "Late-Titled-Tuesday-Blitz-November-28-2023"]
[Site "Chess.com"]
[Date "2023.11.28"]
[Round "2"]
[White "PushingpawnsNYC"]
[Black "Nf3c5"]
[Result "0-1"]
[WhiteElo "2315"]
[BlackElo "2491"]
[TimeControl "180+1"]
[EndTime "14:17:10 PST"]
[Termination "Nf3c5 won by resignation"]

1. e4 c5 2. Nc3 a6 3. g3 b5 4. Bg2 Bb7 5. d3 e6 6. Nh3 Be7 7. O-O Nc6 8. f4 b4 9. Na4 Qa5 10. b3 Nd4 11. Be3 Qc7 12. Rf2 f5 13. Ng5 Nf6 14. Bxd4 cxd4 15. exf5 exf5 16. Bxb7 Qxb7 17. Qf3 Qxf3 18. Nxf3 Nd5 19. Nxd4 g6 20. Re1 Kf7 21. Nf3 d6 22. Rfe2 Bf6 23. Ng5+ Kg7 24. Re6 Rhd8 25. Kg2 Rac8 26. R1e2 h6 27. Nf3 Rc6 28. d4 Rdc8 29. Nb2 Rxc2 30. Nc4 Rxe2+ 31. Rxe2 Rd8 32. Re6 Be7 33.
Nh4 Bxh4 34. Nxd6 Bf6 35. Nc4 Kf7 36. Rxa6 Bxd4 37. a4 bxa3 38. Nxa3 Re8 39. Nc4 Re2+ 40. Kh3 Ne3 41. Ne5+ Bxe5 42. fxe5 Ng4 43. Ra7+ Ke6 44. Ra6+ Kxe5 45. Ra5+ Kf6 46. Ra6+ Kg5 47. Ra2 Rxa2 0-1

[Event "Late-Titled-Tuesday-Blitz-November-28-2023"]
[Site "Chess.com"]
[Date "2023.11.28"]
[Round "2"]
[White "JaackCamel"]
[Black "Abduzhaparov"]
[Result "0-1"]
[WhiteElo "1995"]
[BlackElo "2391"]
[TimeControl "180+1"]
[EndTime "14:17:10 PST"]
[Termination "Abduzhaparov won on time"]

1. d4 d6 2. Nf3 Nf6 3. c4 Nbd7 4. Nc3 e5 5. e4 Be7 6. Be2 O-O 7. d5 Nc5 8. Qc2 a5 9. Be3 b6 10. h3 Nh5 11. Nxe5 dxe5 12. Bxh5 g6 13. Bg4 f5 14. exf5 gxf5 15. Be2 Bg5 16. Nd1 Bxe3 17. Nxe3 f4 18.
Ng4 e4 19. O-O-O Qg5 20. f3 Bf5 21. fxe4 Bxe4 22. Bd3 Bxd3 23. Rxd3 Nxd3+ 24. Qxd3 f3+ 25. Kc2 fxg2 26. Rg1 Qg6 27. Rxg2 Qxd3+ 28. Kxd3 Kh8 29. Ne5 Rae8 30. Rg5 h6 31. Rh5 Kg7 32. Ke4 Rf1 33. Kd4 Rd1+ 34. Kc3 Rg1 35. Ng4 Rg3+ 36. Kd4 Rf3 37.
Ne5 Rf4+ 38. Kd3 Rf6 39. Kd4 Rf1 40. Kd3 Rg1 41. Rf5 Re7 42. Ng4 Rg3+ 43. Kd4 Rxh3 44.
Ne5 Rh4+ 45. Kd3 Rh2 46. Nf3 Rf2 0-1

[Event "Late-Titled-Tuesday-Blitz-November-28-2023"]
[Site "Chess.com"]
[Date "2023.11.28"]
[Round "2"]
[White "VitorBronson"]
[Black "IMRosen"]
[Result "1-0"]
[WhiteElo "2518"]
[BlackElo "2698"]
[TimeControl "180+1"]
[EndTime "14:17:13 PST"]
[Termination "VitorBronson won on time"]

1. d4 d5 2. c4 e6 3. Nf3 Nf6 4. Nc3 Nbd7 5. e3 a6 6. c5 a5 7.
Bd3 b6 8. cxb6 cxb6 9. O-O Bd6 10. e4 dxe4 11. Nxe4 Nxe4 12. Bxe4 Rb8 13. Bg5 Nf6 14. Bc6+ Bd7 15. Bxd7+ Qxd7 16. Bxf6 gxf6 17. Qd2 h5 18. d5 Rd8 19. a3 Kf8 20. Kh1 Bb8 21.
Qd4 Kg7 22. Qxb6 Qxd5 23. Rac1 h4 24. h3 Rh5 25. Rc2 Qd3 26. Rfc1 Rf5 27. Qe3 Qxe3 28. fxe3 Bg3 29. Kg1 Rb5 30. Kf1 Rd3 31. Ke2 Rdb3 32.
Nd4 Rxb2 33. Nxb5 Rxb5 34. Rc5 Rb2+ 35. R1c2 Rb1 36. Rxa5 Re1+ 37. Kd3 Rd1+ 38. Rd2 Re1 39. Ra8 Ra1 40. a4 Be1 41. Rb2 Ra3+ 42. Ke2 Bg3 43.
a5 Be5 44. Rb7 Ra2+ 45. Kd3 Ra3+ 46. Kc4 Rxe3 47. a6 Re4+ 48. Kd3 Ra4 49. a7 Bd4 50. Rd8 e5 51. a8=Q Rxa8 52. Rxa8 f5 53. Rd8 Ba1 54. Rdd7 Kg6 55. Rxf7 e4+ 56. Ke2 Kg5 57. Rb5 1-0